 Dungeon Crawl Stone Soup version 0.28-a0-1167-g616b1c6417 (webtiles) character file.

Game seed: 5098349709795282101

903 BinkBink the Slasher (level 7, -1/57 HPs)
             Began as a Minotaur Monk on Dec 16, 2021.
             Slain by a phantom (7 damage)
             ... on level 6 of the Dungeon.
             The game lasted 00:06:27 (5400 turns).

BinkBink the Slasher (Minotaur Monk)                Turns: 5400, Time: 00:06:27

Health: -1/57      AC:  3    Str: 15    XL:     7   Next: 80%
Magic:  6/6        EV: 12    Int:  7    God:
Gold:   258        SH:  9    Dex: 15    Spells: 6/6 levels left

rFire   . . .      SeeInvis .   e - +2 dagger (venom)
rCold   . . .      Faith    +   g - +0 kite shield
rNeg    . . .      Spirit   .   b - +0 robe
rPois   .          Reflect  .   (helmet restricted)
rElec   .          Harm     .   (no cloak)
rCorr   .          Rampage  .   y - +0 pair of gloves
Will    .....                   (no boots)
Stlth   ++........              s - amulet of faith
HPRegen 0.19/turn               (no ring)
MPRegen 0.10/turn               (no ring)

@: lethally poisoned (-1 -> -7), attractive
A: horns 2, retaliatory headbutt
a: no special abilities


You were on level 6 of the Dungeon.
You visited 1 branch of the dungeon, and saw 6 of its levels.

You collected 258 gold pieces.

Inventory:

Hand Weapons
 a - a +0 falchion
 e - a +2 dagger of venom (weapon)
 n - a +3 dagger
Armour
 b - a +0 robe (worn)
 g - a +0 kite shield (worn)
 y - a +0 pair of gloves (worn)
Jewellery
 p - a ring of wizardry
 s - an amulet of faith (around neck)
Wands
 k - a wand of iceblast (9)
 l - a wand of mindburst (22)
Scrolls
 c - 2 scrolls of enchant weapon {unknown}
 h - 4 scrolls of identify {unknown}
 i - 4 scrolls of teleportation {unknown}
 j - a scroll of noise {unknown}
 t - a scroll of vulnerability {unknown}
 u - a scroll of immolation {unknown}
 v - a scroll of silence {unknown}
 x - a scroll of magic mapping {unknown}
 z - a scroll of enchant armour {unknown}
Potions
 m - a potion of invisibility {unknown}
 o - a potion of resistance
 q - a potion of lignification
 r - a potion of berserk rage {unknown}


   Skills:
 - Level 3.6 Fighting
 + Level 6.5 Long Blades
 + Level 5.1 Armour
 + Level 5.8 Dodging
 - Level 1.5 Stealth
 + Level 4.9 Shields


You had 6 spell levels left.
You didn't know any spells.
Your spell library was empty.

Dungeon Overview and Level Annotations

Branches:
Dungeon (6/15)
 Temple: D:4-7

Altars:
Ashenzari

Shops:
D:1 ?


Innate Abilities, Weirdness & Mutations

You have a pair of horns on your head.
You reflexively headbutt those who attack you in melee.


Message History

You headbutt the phantom. You block the water moccasin's attack.
The phantom closely misses you.
You barely miss the water moccasin. You headbutt the water moccasin!
The water moccasin is heavily wounded.
You block the water moccasin's attack. The phantom barely misses you.
The water moccasin bites you.
You hit the water moccasin.
The water moccasin is severely wounded.
The phantom misses you. You block the water moccasin's attack.
You hit the water moccasin.
The water moccasin is poisoned.
The water moccasin is severely wounded.
You block the water moccasin's attack. You block the phantom's attack.
You barely miss the water moccasin. You headbutt the water moccasin.
The water moccasin is almost dead.
The water moccasin bites you. You block the phantom's attack.
The water moccasin bites you!
* * * LOW HITPOINT WARNING * * *
You are lethally poisoned!
The water moccasin poisons you!
It was a potion of lignification.
You turn into a tree.
Your +0 pair of gloves melds into your body.
Your +0 robe melds into your body.
Your roots penetrate the ground.
You feel very sick.
You kill the water moccasin!
You block the phantom's attack.
Your Armour skill increases to level 5!
It was a potion of cancellation.
Your magical effects are unravelling.
You feel magically purged.
You feel less wooden.
Your +0 pair of gloves unmelds from your body.
Your +0 robe unmelds from your body.
* * * LOW HITPOINT WARNING * * *
You feel very sick.
The phantom hits you but does no damage.
It was a potion of attraction.
You feel attractive to monsters.
* * * LOW HITPOINT WARNING * * *
You feel sick. The phantom hits you!
You die...

######## ####...#..# ###
##..#.<....## #####.##
#...........###......###
................@......##
................W.......#
.##.......#.......).#.###
.#........#....(....#######
........###...............##
.#.....## #............#...#
.#.##..................#..##
....#.....................#
....#..........##?..##...##


You could see a phantom.

Vanquished Creatures
  Sigmund (D:5)
  2 water moccasins
  Duvessa (D:5)
  A phantom (D:6)
  Dowan (D:5)
  A hound (D:5)
  Jessica (D:2)
  Natasha (twice) (D:3)
  3 iguanas
  A howler monkey zombie (D:5)
  3 adders
  A howler monkey skeleton (D:4)
  2 worms (D:3)
  4 dart slugs
  4 orcs
  9 ball pythons
  8 endoplasms
  4 giant cockroaches
  4 goblins
  4 hobgoblins
  11 kobolds
  3 quokkas
  5 bats
  7 frilled lizards
  11 rats
94 creatures vanquished.

Vanquished Creatures (others)
  A bush (D:3)
  10 plants (D:3)
11 creatures vanquished.

Grand Total: 105 creatures vanquished

Notes
Turn   | Place    | Note
-------+----------+-------------------------------------------
     0 | D:1      | BinkBink the Minotaur Monk began the quest for the Orb.
     0 | D:1      | Reached XP level 1. HP: 19/19 MP: 0/0
   390 | D:1      | Reached skill level 1 in Armour
   426 | D:1      | Reached XP level 2. HP: 26/26 MP: 1/1
   645 | D:1      | Found a faded altar of an unknown god.
   687 | D:1      | Reached skill level 4 in Long Blades
   699 | D:1      | Found Ducurph's Magic Scroll Boutique.
   942 | D:1      | Reached XP level 3. HP: 17/31 MP: 2/2
  1849 | D:2      | Noticed Jessica
  1852 | D:2      | Reached skill level 1 in Shields
  1853 | D:2      | Killed Jessica
  1883 | D:2      | Reached XP level 4. HP: 36/39 MP: 3/3
  2215 | D:3      | Noticed a water moccasin
  2229 | D:3      | Killed a water moccasin
  2230 | D:3      | Reached skill level 5 in Long Blades
  2230 | D:3      | Reached XP level 5. HP: 24/45 MP: 4/4
  2498 | D:3      | Noticed Natasha
  2503 | D:3      | Killed Natasha
  2659 | D:3      | Noticed Natasha
  2667 | D:3      | Killed Natasha
  2722 | D:3      | Reached XP level 6. HP: 36/51 MP: 5/5
  3102 | D:4      | Found a broken altar of Ashenzari.
  4033 | D:5      | Entered Level 5 of the Dungeon
  4033 | D:5      | Noticed Sigmund
  4136 | D:5      | Killed Sigmund
  4137 | D:5      | Reached skill level 5 in Dodging
  4137 | D:5      | Reached XP level 7. HP: 36/57 MP: 6/6
  4763 | D:5      | Noticed Duvessa
  4763 | D:5      | Noticed Dowan
  4847 | D:5      | Killed Duvessa
  4848 | D:5      | Reached skill level 6 in Long Blades
  4853 | D:5      | Killed Dowan
  5399 | D:6      | Reached skill level 5 in Armour
  5400 | D:6      | Slain by a phantom

Illustrated notes

Levels and vault maps discovered:
D:1:      kennysheep_arrival_seaside, layout_basic, serial_shops,
          nicolae_shop_statue_plus, hellmonk_ecumenical_altar_arch_garden
D:2:      layout_basic, minmay_misc_feat_four_crosses, uniq_jessica
D:3:      layout_rooms, lexackson_kobold_supper, uniq_natasha
D:4:      layout_loops_corners, evilmike_ruin_ashenzari
D:5:      layout_gridville, uniq_duvessa, uniq_sigmund
D:6:      layout_cave_pools, mainiacjoe_overflow_tiny_flanked,
          lemuel_round_altar, minmay_temple_entry_trees, serial_shops, shop,
          supply_closet_lemuel, minmay_ogre_servants

Skill      XL: |  1  2  3  4  5  6  7 |
---------------+----------------------+-----
Armour         | 1 2 3 4 5 |  5.1
Long Blades    | 4 5 6 |  6.5
Shields        | 1 2 3 4 |  4.9
Dodging        | 4 5 |  5.8
Fighting       | |  3.6
Stealth        | |  1.5

Action                   |  1- 3 |  4- 6 |  7- 9 || total
-------------------------+-------+-------+-------++-------
Melee: Falchion          |    13 |       |       ||    13
       Dagger            |    49 |   121 |    57 ||   227
       Headbutt          |     9 |    22 |     8 ||    39
  Use: Potion            |       |       |     4 ||     4
 Stab: Sleeping          |     3 |     4 |       ||     7
       Distracted        |       |     1 |       ||     1
Armor: Robe              |    16 |     9 |     9 ||    34
Dodge: Dodged            |    32 |    45 |    33 ||   110
Block: Kite shield       |       |    47 |    34 ||    81

Table legend: (Time is in decaauts)
 A = Elapsed time spent in this place.
 B = Non-inter-level travel time spent in this place.
 C = Inter-level travel time spent in this place.
 D = Time resting spent in this place.
 E = Time spent auto-exploring this place.
 F = Levels seen in this place.
 G = Mean time per level.
                   A        B        C        D        E       F      G
               +--------+--------+--------+--------+--------+-----+--------+
         Total |   5417 |   5246 |    171 |      0 |   4502 |   6 |  902.8 |
       Dungeon |   5417 |   5246 |    171 |      0 |   4502 |   6 |  902.8 |
               +--------+--------+--------+--------+--------+-----+--------+

Top non-repeatable levels by time:
     D:1: 1330 daAuts
     D:5: 1157 daAuts
     D:3: 1015 daAuts
     D:4: 1005 daAuts
     D:2: 749 daAuts
     D:6: 158 daAuts
